[Event "Titled Tuesday Blitz November 29 Early 2022"]
[White "Ibarra Jerez, Jose Carlos"]
[Black "Malek, Jan"]
[WhiteFideId "2226332"]
[BlackFideId "21864080"]
[WhiteElo "2638"]
[BlackElo "2255"]
[Result "1-0"]
[Round "08"]
[TimeControl "180+1"]
[Date "2022.11.30"]
[WhiteClock "0:00:05"]
[BlackClock "0:00:02"]

1. Nf3 g6 2. g3 Bg7 3. Bg2 Nf6 4. b3 O-O 5. Bb2 a5 6. c4 a4 7. bxa4 d6 8. O-O Nc6 9. d4 e5 10. d5 Na5 11. Nfd2 Nd7 12. e4 Nc5 13. Qc2 Bd7 14. Nc3 f5 15. exf5 gxf5 16. Nb5 Rf7 17. Bc3 b6 18. Bb4 Nab7 19. Nb3 Nxa4 20. Rac1 e4 21. N3d4 Nbc5 22. Rcd1 Nd3 23. Rxd3 exd3 24. Qxd3 Nc5 25. Qc2 Bxb5 26. Nxb5 Qf6 27. a3 Qb2 28. Qd1 Re8 29. Bf3 Rfe7 30. Bh5 Rf8 31. Bxc5 bxc5 32. Re1 Be5 33. a4 Ra8 34. Re2 Qb4 35. Qc2 Qxa4 36. Qd3 Kh8 37. Kg2 f4 38. gxf4 Rg7+ 39. Kf3 Rf8 40. Re4 Qa1 41. Ke2 Bxf4 42. Qc2 Be5 43. Bf3 Qg1 44. Re3 Qxh2 45. Nc3 Rgf7 46. Ne4 Bd4 47. Rb3 Qh3 48. Qd3 Qf5 49. Nd2 Re7+ 50. Kd1 Qxd3 51. Rxd3 Bxf2 52. Ne4 Bd4 53. Ng5 Rf5 54. Ne6 Re5 55. Rd2 Re3 56. Bg2 Bc3 57. Ra2 R3xe6 58. dxe6 Rxe6 59. Ra8+ Kg7 60. Bd5 Re7 61. Rg8+ Kh6 62. Kc2 Bg7 63. Rc8 Kg5 64. Ra8 h5 65. Ra3 Be5 66. Rh3 Bf4 67. Rh1 h4 68. Kd3 Re3+ 69. Kc2 Rg3 70. Be6 Re3 71. Bd7 Be5 72. Rg1+ Kf4 73. Rg4+ Kf3 74. Rxh4 Re4 75. Bc6 Kg3 76. Rxe4 Kf2 77. Kd3 1-0


[Site "https://www.chess.com"]

[Event "Titled Tuesday Blitz November 29 Early 2022"]
[White "Ilkhomi, Jaloliddin"]
[Black "Andrews, Todd"]
[WhiteFideId "14700948"]
[BlackFideId "2012456"]
[WhiteElo "2045"]
[BlackElo "2360"]
[Result "1-0"]
[Round "08"]
[TimeControl "180+1"]
[Date "2022.11.30"]
[WhiteClock "0:00:13"]
[BlackClock "0:00:08"]

1. d4 Nf6 2. Nf3 c5 3. e3 g6 4. b3 b6 5. Bb2 Bb7 6. Nbd2 Bg7 7. Bd3 O-O 8. O-O cxd4 9. exd4 d6 10. Re1 Nbd7 11. Ne4 Re8 12. Qe2 Nd5 13. Qd2 Rc8 14. c4 N5f6 15. Neg5 h6 16. Ne4 Nxe4 17. Bxe4 Bxe4 18. Rxe4 Nf6 19. Re2 e6 20. Rae1 Nh5 21. g3 Qf6 22. Kg2 Red8 23. Qe3 d5 24. Ne5 Qe7 25. cxd5 Rxd5 26. Qf3 Nf6 27. Ng4 Rcd8 28. Nxf6+ Qxf6 29. Qe3 Qf5 30. Rd2 e5 31. Red1 Qd7 32. Rd3 exd4 33. Qd2 Kh7 34. h4 Qc6 35. Kh2 Qd6 36. Qe2 Rh5 37. Kg1 Rd5 38. Qf3 Qf6 39. Qe4 Re5 40. Qg2 Red5 41. Qe4 Qe5 42. Qf3 h5 43. Qxf7 Rf8 44. Qb7 Qf5 45. R1d2 Rf7 46. Qb8 Re5 47. Qa8 Re1+ 48. Kg2 Qg4 49. Bxd4 Bxd4 50. Rxd4 Qf5 51. Rf4 Qe6 52. Rxf7+ Qxf7 53. Qc8 Re7 54. Qc6 Qg7 55. Rd6 Rf7 56. Rd8 Qf6 57. Qxf6 Rxf6 58. Rd7+ Kh6 59. Rxa7 Rd6 60. Rb7 Rd2 61. a4 Rd6 62. Kf3 g5 63. hxg5+ Kxg5 64. Ke4 Rf6 65. f4+ Kg4 66. Rg7+ Kh3 67. Ke5 Rc6 68. f5 Rc5+ 69. Ke6 Rc3 70. b4 Re3+ 71. Kd5 Rxg3 72. Rxg3+ Kxg3 73. f6 h4 74. f7 h3 75. f8=Q h2 76. Qh6 Kg2 77. Qxh2+ Kxh2 78. a5 1-0


[Site "https://www.chess.com"]

[Event "Titled Tuesday Blitz November 29 Early 2022"]
[White "Ismayil, Malak"]
[Black "Tsatsalashvili, Keti"]
[WhiteFideId "13412604"]
[BlackFideId "13603434"]
[WhiteElo "1879"]
[BlackElo "2220"]
[Result "1/2-1/2"]
[Round "08"]
[TimeControl "180+1"]
[Date "2022.11.30"]
[WhiteClock "0:00:02"]
[BlackClock "0:00:09"]

1. e4 c6 2. d4 d5 3. Nc3 dxe4 4. Nxe4 Bf5 5. Ng3 Bg6 6. h4 h6 7. h5 Bh7 8. Nf3 Nd7 9. Bd3 Bxd3 10. Qxd3 e6 11. Bd2 Ngf6 12. O-O-O Be7 13. Ne4 Nxe4 14. Qxe4 Nf6 15. Qe2 Qc7 16. c4 O-O-O 17. Bc3 Qf4+ 18. Qe3 Qxe3+ 19. fxe3 Ne4 20. Be1 Rhf8 21. Bh4 Rd7 22. Bxe7 Rxe7 23. Rh4 Nd6 24. b3 Nf5 25. Re4 Ng3 26. Rh4 Nf5 27. Re4 Ng3 28. Rg4 Nxh5 29. Rh1 g6 30. Ne5 Rd8 31. Rf1 f5 32. Rxg6 Rg7 33. Rxh6 Ng3 34. Rf2 Ne4 35. Rc2 Re8 36. c5 Rg3 37. Re2 Nc3 38. Rc2 Nd5 39. Nc4 Kd7 40. Rh7+ Re7 41. Ne5+ Kd8 42. Rh8+ Kc7 43. Nc4 Reg7 44. Re8 Rxg2 45. Rxe6 Rxc2+ 46. Kxc2 Nb4+ 47. Kb2 Rg2+ 48. Kb1 Rg1+ 49. Kb2 Rg2+ 50. Kb1 Rg1+ 51. Kb2 Rg2+ 1/2-1/2


[Site "https://www.chess.com"]

[Event "Titled Tuesday Blitz November 29 Early 2022"]
[White "Jakubowski, Krzysztof"]
[Black "D`Arruda, Ricardo D."]
[WhiteFideId "1112848"]
[BlackFideId "100692"]
[WhiteElo "2373"]
[BlackElo "2467"]
[Result "1-0"]
[Round "08"]
[TimeControl "180+1"]
[Date "2022.11.30"]
[WhiteClock "0:01:29"]
[BlackClock "0:00:10"]

1. e4 c5 2. Nf3 Nc6 3. d4 cxd4 4. Nxd4 e5 5. Nb5 a6 6. Nd6+ Bxd6 7. Qxd6 Qe7 8. Qd1 Nf6 9. Nc3 d6 10. Bg5 Be6 11. Bxf6 Qxf6 12. Qxd6 Rd8 13. Qc5 Qg5 14. Qe3 Qxe3+ 15. fxe3 Nb4 16. Rc1 Bxa2 17. b3 Rc8 18. Kd2 O-O 19. Bd3 Rfd8 20. Nd5 Nxd5 21. exd5 Rxd5 22. e4 Rd4 23. Rhe1 Rc5 24. Ra1 Ra5 25. Kc3 Rc5+ 26. Kb2 Bxb3 27. Kxb3 Kf8 28. Ra4 Rd6 29. Rc4 Rb5+ 30. Kc3 Ra5 31. Rc7 b5 32. Re3 Ra3+ 33. Kd2 b4 34. Rf3 f6 35. Rg3 b3 36. Rcxg7 b2 37. Rg8+ Ke7 38. R3g7+ Ke6 39. Re8# 1-0


[Site "https://www.chess.com"]

[Event "Titled Tuesday Blitz November 29 Early 2022"]
[White "Jaskolka, Tomasz"]
[Black "Kleiman, Jake"]
[WhiteFideId "1170791"]
[BlackFideId "2020041"]
[WhiteElo "2126"]
[BlackElo "2628"]
[Result "0-1"]
[Round "08"]
[TimeControl "180+1"]
[Date "2022.11.30"]
[WhiteClock "0:00:03"]
[BlackClock "0:00:07"]

1. d4 Nf6 2. c4 e6 3. g3 Bb4+ 4. Nd2 O-O 5. a3 Be7 6. Ngf3 d5 7. Bg2 b6 8. O-O Bb7 9. e3 c5 10. dxc5 bxc5 11. b3 Nc6 12. Bb2 a5 13. a4 Qb6 14. Qc2 h6 15. Rab1 Rfd8 16. Rfd1 Rac8 17. Ba1 Nb4 18. Qc3 d4 19. exd4 cxd4 20. Nxd4 Bc5 21. N2f3 e5 22. Nxe5 Bxg2 23. Kxg2 Na2 24. Qb2 Qb7+ 25. Ndf3 Nb4 26. Qe2 Ne4 27. Ng4 Re8 28. Qb2 f6 29. Kg1 h5 30. Ne3 Nxf2 31. Kxf2 Rxe3 32. Kg2 Qxf3+ 33. Kg1 Re2+ 34. Qd4 Qg2# 0-1


[Site "https://www.chess.com"]

[Event "Titled Tuesday Blitz November 29 Early 2022"]
[White "Jiganchine, Roman"]
[Black "Remizov, Yaroslav"]
[WhiteFideId "2603667"]
[BlackFideId "34134015"]
[WhiteElo "2316"]
[BlackElo "2414"]
[Result "1-0"]
[Round "08"]
[TimeControl "180+1"]
[Date "2022.11.30"]
[WhiteClock "0:00:30"]
[BlackClock "0:00:03"]

1. e4 e6 2. d4 d5 3. Nd2 c5 4. c3 Nc6 5. Ngf3 cxd4 6. cxd4 dxe4 7. Nxe4 Nf6 8. Nxf6+ Qxf6 9. Bd3 Bb4+ 10. Kf1 h6 11. g4 Qe7 12. g5 h5 13. g6 f6 14. Bf4 Bd6 15. Qd2 Bd7 16. Kg2 O-O 17. Rhe1 Nb4 18. Bc4 Bxf4 19. Qxf4 Qe8 20. Qg3 b5 21. Bb3 a5 22. d5 e5 23. d6+ Be6 24. d7 Qxd7 25. Rad1 Qc8 26. Qh4 Bxb3 27. Qxh5 1-0


[Site "https://www.chess.com"]

[Event "Titled Tuesday Blitz November 29 Early 2022"]
[White "Jimenez Almeida, Luis David"]
[Black "Janaszak, Dawid"]
[WhiteFideId "22242244"]
[BlackFideId "1119206"]
[WhiteElo "2158"]
[BlackElo "2226"]
[Result "0-1"]
[Round "08"]
[TimeControl "180+1"]
[Date "2022.11.30"]
[WhiteClock "0:00:13"]
[BlackClock "0:00:08"]

1. e4 e5 2. Nf3 d6 3. d4 exd4 4. Nxd4 Nf6 5. Nc3 Be7 6. Bf4 O-O 7. Qd2 a6 8. Be2 b5 9. f3 d5 10. Nxd5 Nxd5 11. exd5 Qxd5 12. Bxc7 Bg5 13. Bf4 Bf6 14. c3 Nc6 15. Nb3 Qf5 16. Bd3 Re8+ 17. Kf2 Qh5 18. Be4 Bb7 19. Rhe1 Rad8 20. Qc2 Bh4+ 21. Bg3 Bg5 22. Rad1 Qh6 23. Nc5 Ba8 24. Nxa6 Nd4 25. Rxd4 Qxa6 26. Bxh7+ Kh8 27. Rxd8 Rxd8 28. Be4 Rd2+ 29. Qxd2 Bxd2 30. Rd1 Qa7+ 31. Ke2 Bxe4 32. Rxd2 Bf5 33. a3 Qc5 34. Bf2 Qc4+ 35. Ke1 Qa2 36. Be3 Qb1+ 37. Kf2 Bd3 38. h3 f6 39. Kg3 Kh7 40. Kh2 Kg6 41. Bf4 Bc2 42. b4 Qb3 43. Bd6 Qxc3 44. Rf2 Bf5 45. g4 Be6 46. Kg3 Bd5 47. h4 Qxa3 48. h5+ Kf7 49. h6 gxh6 50. Bc5 Qd3 51. Kf4 Kg6 52. Kg3 Bc6 53. Kf4 Qd5 54. Kg3 h5 55. Kh4 Qg5+ 56. Kg3 h4+ 57. Kh3 Bd7 58. f4 Qxg4+ 59. Kh2 Qg3+ 60. Kh1 h3 61. f5+ Kf7 62. Rd2 Bc6+ 63. Rd5 Bxd5# 0-1


[Site "https://www.chess.com"]

[Event "Titled Tuesday Blitz November 29 Early 2022"]
[White "Jimenez, Joaquin"]
[Black "Kovacevic, Radmila"]
[WhiteFideId "109860"]
[BlackFideId "933171"]
[WhiteElo "2163"]
[BlackElo "2208"]
[Result "1-0"]
[Round "08"]
[TimeControl "180+1"]
[Date "2022.11.30"]
[WhiteClock "0:01:24"]
[BlackClock "0:00:03"]

1. c4 e5 2. Nc3 Bc5 3. g3 Nc6 4. Bg2 a6 5. e3 Ba7 6. Nge2 h5 7. h4 g5 8. d4 d6 9. d5 Nb8 10. e4 gxh4 11. Rxh4 Bg4 12. f3 Qf6 13. Qd3 Nd7 14. b4 a5 15. a3 axb4 16. axb4 Bf2+ 17. Kxf2 Rxa1 18. Be3 Nh6 19. c5 Nf8 20. Qb5+ Bd7 21. c6 bxc6 22. dxc6 Ng4+ 23. Rxg4 Bxg4 24. Qb8+ Qd8 25. Qxd8+ Kxd8 26. fxg4 hxg4 27. Bg5+ Kc8 28. Nd5 Ne6 29. Bh4 Nd4 30. Nxd4 exd4 31. Bf1 Rh6 32. Be2 Rc1 33. b5 Rc2 34. Ke1 Ra2 35. Bxg4+ Kb8 36. b6 Ra1+ 37. Kd2 Ra2+ 38. Kd3 1-0


[Site "https://www.chess.com"]

[Event "Titled Tuesday Blitz November 29 Early 2022"]
[White "Jobava, Baadur"]
[Black "Chigaev, Maksim"]
[WhiteFideId "13601520"]
[BlackFideId "4108116"]
[WhiteElo "2582"]
[BlackElo "2541"]
[Result "1-0"]
[Round "08"]
[TimeControl "180+1"]
[Date "2022.11.30"]
[WhiteClock "0:00:10"]
[BlackClock "0:00:05"]

1. e4 c5 2. c3 d5 3. exd5 Qxd5 4. Nf3 Nf6 5. Na3 e6 6. d4 a6 7. Nc4 Nbd7 8. Be2 b5 9. Ne3 Qd6 10. O-O Bb7 11. a4 b4 12. Nc4 Qc7 13. cxb4 cxb4 14. Bg5 Be7 15. Rc1 O-O 16. a5 Qd8 17. Nfe5 Rc8 18. Bf3 Bxf3 19. Qxf3 Nxe5 20. dxe5 Nd5 21. Bxe7 Qxe7 22. Nd6 Rxc1 23. Rxc1 Qg5 24. Re1 Qd2 25. Qe2 Qxe2 26. Rxe2 b3 27. Kf1 Rb8 28. Re4 Nc3 29. Rd4 h6 30. Ke1 f6 31. Rc4 Nd5 32. exf6 gxf6 33. Rc6 Rb4 34. Rxa6 Ra4 35. Kd2 Rd4+ 36. Ke2 Nf4+ 37. Ke3 e5 38. g3 Nd5+ 39. Ke2 Ra4 40. Ra7 Nb4 41. Rb7 Nc6 42. Nf5 Nxa5 43. Nxh6+ Kf8 44. Ra7 Ra2 45. Kd3 Nc6 46. Rf7+ Ke8 47. Kc3 Nd4 48. Rxf6 Ra1 49. Nf5 Rc1+ 50. Kb4 Ne2 51. Kxb3 Kd7 52. Rd6+ Kc7 53. Re6 Re1 54. Kc2 Ng1 55. f4 Re2+ 56. Kd3 Rxb2 57. Rxe5 Rxh2 58. Ke4 Re2+ 59. Kd5 Rg2 60. Ke6 Kb6 61. Re3 Kc5 62. Kf6 Ne2 63. Kg5 Nc3 64. Rxc3+ 1-0


[Site "https://www.chess.com"]

[Event "Titled Tuesday Blitz November 29 Early 2022"]
[White "Kamsky, Gata"]
[Black "Oparin, Grigoriy"]
[WhiteFideId "2000024"]
[BlackFideId "24125890"]
[WhiteElo "2666"]
[BlackElo "2639"]
[Result "1-0"]
[Round "08"]
[TimeControl "180+1"]
[Date "2022.11.30"]
[WhiteClock "0:00:19"]
[BlackClock "0:00:03"]

1. d4 Nf6 2. Bf4 d5 3. e3 e6 4. Nf3 c5 5. c3 Nc6 6. Nbd2 cxd4 7. exd4 Nh5 8. Be3 Bd6 9. Ne5 g6 10. f4 O-O 11. Be2 Ng7 12. O-O f6 13. Nd3 b6 14. g3 a5 15. a4 Ba6 16. Re1 Ne7 17. Nf2 Bxe2 18. Qxe2 Qd7 19. Nd3 Bc7 20. Bf2 Nef5 21. b3 Rfe8 22. Rac1 Rac8 23. g4 Nd6 24. Bh4 Rf8 25. h3 f5 26. Ne5 Qe8 27. Rf1 Ne4 28. Nxe4 fxe4 29. Qb5 Bxe5 30. fxe5 Rxf1+ 31. Qxf1 Qf7 32. Qxf7+ Kxf7 33. Bg5 h5 34. Kg2 hxg4 35. hxg4 Ne8 36. Bd2 Nc7 37. Rh1 Rg8 38. c4 Rg7 39. Rh8 Rg8 40. Rh7+ Rg7 41. Rxg7+ Kxg7 42. c5 bxc5 43. dxc5 Na6 44. c6 Kf7 45. Bxa5 Ke8 46. Kf2 d4 47. Bb6 d3 48. Ke3 Nb4 49. Ba5 Na6 50. Kxe4 Nc5+ 51. Ke3 Nxb3 52. Bb6 d2 53. Ke2 1-0


[Site "https://www.chess.com"]

[Event "Titled Tuesday Blitz November 29 Early 2022"]
[White "Kezin, Roman"]
[Black "Fromm, Marius"]
[WhiteFideId "24124621"]
[BlackFideId "12993190"]
[WhiteElo "2501"]
[BlackElo "2325"]
[Result "1-0"]
[Round "08"]
[TimeControl "180+1"]
[Date "2022.11.30"]
[WhiteClock "0:00:43"]
[BlackClock "0:00:04"]

1. h4 e5 2. h5 d5 3. a4 Nc6 4. a5 a6 5. Ra4 h6 6. b3 Nf6 7. Bb2 Bd6 8. Rah4 Bf5 9. e3 Nxa5 10. Ne2 Nc6 11. Ng3 Bh7 12. Be2 e4 13. Nc3 Qd7 14. O-O O-O-O 15. Qa1 Nb4 16. Bd1 c5 17. Nce2 Qe7 18. Nf4 Nd7 19. Rg4 f6 20. Ng6 Bxg6 21. Rxg6 Bxg3 22. Rxg3 Ne5 23. f4 exf3 24. gxf3 Rhg8 25. f4 Nec6 26. Bg4+ Kb8 27. Bf5 d4 28. Rf2 Rd5 29. e4 Rxf5 30. exf5 Nxc2 31. Qd1 N2b4 32. Ba3 Qd7 33. Bxb4 Nxb4 34. Qg4 Re8 35. Kh2 Re7 36. Rfg2 Nd5 37. Qf3 Qxf5 38. Rxg7 Rxg7 39. Rxg7 Qxf4+ 40. Qxf4+ Nxf4 41. Rg8+ Kc7 42. Kg3 Nxh5+ 43. Kg4 Kb6 44. Kxh5 Kb5 45. Rb8 b6 46. Kxh6 Ka5 47. Kg6 b5 48. Kxf6 Kb4 49. Ke5 Kxb3 50. Kd5 Kb4 51. Rc8 c4 52. Kxd4 a5 53. d3 cxd3 54. Kxd3 Kb3 55. Rc5 Kb4 56. Rh5 a4 57. Kc2 Ka3 58. Rxb5 Ka2 59. Rb4 a3 60. Ra4 Ka1 61. Rxa3# 1-0


[Site "https://www.chess.com"]

[Event "Titled Tuesday Blitz November 29 Early 2022"]
[White "Kosakowski, Jakub"]
[Black "Sadykov, Ramil"]
[WhiteFideId "1185080"]
[BlackFideId "24113590"]
[WhiteElo "2463"]
[BlackElo "2245"]
[Result "1-0"]
[Round "08"]
[TimeControl "180+1"]
[Date "2022.11.30"]
[WhiteClock "0:00:06"]
[BlackClock "0:00:02"]

1. d4 Nf6 2. c4 g6 3. g3 Bg7 4. Bg2 d5 5. cxd5 Nxd5 6. Nf3 O-O 7. O-O Nb6 8. Nc3 Nc6 9. d5 Na5 10. e4 c6 11. Bf4 cxd5 12. exd5 Nac4 13. Qb3 e5 14. Bg5 f6 15. Be3 Nxe3 16. fxe3 Kh8 17. Nd2 Bg4 18. a4 a5 19. Rac1 Bh6 20. Nb5 Rc8 21. d6 Rxc1 22. Rxc1 Nxa4 23. Rc7 Nb6 24. Rxb7 Nc8 25. Nc4 Be6 26. d7 Nb6 27. Nbd6 Nxc4 28. Nxc4 Bxd7 29. Nd6 Qe7 30. Qd3 Qe6 31. Rb6 Qa2 32. Bd5 Qa1+ 33. Kf2 Bh3 34. Nf7+ Kg7 35. Rb7 Bc8 36. Rc7 Rxf7 37. Rxf7+ Kh8 38. Qc3 Bg4 39. Ra7 Qd1 40. Ra8+ Bf8 41. Rxf8+ Kg7 42. Rf7+ Kh6 43. Qe1 Qc2+ 44. Kg1 Bh3 45. Rxf6 Qc5 46. Bg2 Bd7 47. Rf2 Kg7 48. Qd2 Bb5 49. h3 Kh6 50. Kh2 g5 51. Bd5 Qb4 52. e4 Qc5 53. Rf6+ Kh5 54. g4+ Kh4 55. Rh6# 1-0


[Site "https://www.chess.com"]

[Event "Titled Tuesday Blitz November 29 Early 2022"]
[White "Kuchava, Ana"]
[Black "Vargas, Mauricio"]
[WhiteFideId "13605348"]
[BlackFideId "4404572"]
[WhiteElo "2001"]
[BlackElo "2025"]
[Result "1-0"]
[Round "08"]
[TimeControl "180+1"]
[Date "2022.11.30"]
[WhiteClock "0:00:30"]
[BlackClock "0:00:08"]

1. d4 d5 2. Nf3 c6 3. c4 e6 4. e3 Nf6 5. Nc3 Nbd7 6. Bd3 dxc4 7. Bxc4 b5 8. Bd3 Bb7 9. O-O Bd6 10. a3 O-O 11. Qc2 a6 12. e4 Bc7 13. e5 Nd5 14. Bxh7+ Kh8 15. Ng5 c5 16. Qd3 g6 17. Qh3 Kg7 18. Nge4 f5 19. Qh6+ Kf7 20. Bxg6+ Ke7 21. Qg7+ Rf7 22. Qxf7# 1-0


[Site "https://www.chess.com"]

[Event "Titled Tuesday Blitz November 29 Early 2022"]
[White "Kukula, Pawel"]
[Black "Ljukin, Sergei"]
[WhiteFideId "1115081"]
[BlackFideId "14102200"]
[WhiteElo "2046"]
[BlackElo "2312"]
[Result "0-1"]
[Round "08"]
[TimeControl "180+1"]
[Date "2022.11.30"]
[WhiteClock "0:00:42"]
[BlackClock "0:00:44"]

1. e4 e6 2. d4 d5 3. Nd2 Nf6 4. e5 Nfd7 5. Bd3 c5 6. c3 Nc6 7. Ne2 cxd4 8. cxd4 f6 9. exf6 Qxf6 10. Nf3 h6 11. O-O Bd6 12. Be3 O-O 13. Bc2 Rd8 14. a3 Nf8 15. Qd3 Bd7 16. Rac1 Be8 17. Qb3 Na5 18. Qc3 Nc4 19. Nd2 Rac8 20. Nxc4 Rxc4 21. Qd2 Rdc8 22. Bd3 R4c6 23. Rxc6 bxc6 24. Rc1 e5 25. dxe5 Bxe5 26. Bd4 c5 27. Rxc5 Bxd4 28. Bh7+ Nxh7 29. Rxc8 0-1


[Site "https://www.chess.com"]

[Event "Titled Tuesday Blitz November 29 Early 2022"]
[White "Kuznetsov, Mikhail"]
[Black "Figorito, Nick"]
[WhiteFideId "4117190"]
[BlackFideId "30923689"]
[WhiteElo "1981"]
[BlackElo "2369"]
[Result "1-0"]
[Round "08"]
[TimeControl "180+1"]
[Date "2022.11.30"]
[WhiteClock "0:01:12"]
[BlackClock "0:00:28"]

1. Nf3 Nf6 2. g3 g6 3. b3 Bg7 4. Bb2 O-O 5. Bg2 c5 6. O-O Nc6 7. d4 cxd4 8. Nxd4 Nxd4 9. Bxd4 d5 10. Nd2 Bd7 11. c4 Bc6 12. Rc1 dxc4 13. Nxc4 Bxg2 14. Kxg2 Qd5+ 15. Kg1 Rfd8 16. Bxf6 Bxf6 17. Qxd5 Rxd5 18. Rfd1 Rad8 19. Rxd5 Rxd5 20. Ne3 Rd2 21. Rc2 Rxc2 22. Nxc2 Kf8 23. Kg2 Ke8 24. Kf3 Kd7 25. Ke4 Kc6 26. Kd3 b5 27. e4 a5 28. f4 e5 29. Ne3 exf4 30. gxf4 Kc5 31. Nd5 Bd8 32. a3 b4 33. axb4+ axb4 34. Ne3 Bc7 35. Ng2 f6 36. h3 h6 37. Ke3 g5 38. fxg5 hxg5 39. Ne1 Bf4+ 40. Kd3 Be5 41. Nf3 Bc3 42. Nh2 Kd6 43. Ng4 Ke6 44. Ke3 f5 45. exf5+ Kxf5 46. Nh6+ Kg6 47. Ng4 Kh5 48. Kf3 Kh4 49. Kg2 Bd2 50. Nh2 Bc3 51. Nf3+ Kh5 52. Kg3 Bf6 53. Kf2 Bc3 54. Ke3 Bf6 55. Kd3 Bc3 56. Kc4 Kg6 57. Nd4 Kh5 58. Nf5 Kg6 59. Ng3 Kf6 60. Ne4+ Ke5 61. Nxc3 bxc3 62. Kxc3 Kf4 63. b4 Kg3 64. b5 Kxh3 65. b6 g4 66. b7 g3 67. b8=Q g2 68. Qh8+ Kg3 69. Qg7+ Kf2 70. Qf6+ Ke1 71. Qe5+ Kf1 72. Qf4+ Ke2 73. Qg3 Kf1 74. Qf3+ Kg1 75. Kd3 Kh2 76. Qh5+ Kg1 77. Ke3 Kf1 78. Qd1# 1-0


[Site "https://www.chess.com"]

[Event "Titled Tuesday Blitz November 29 Early 2022"]
[White "Lauridsen, Jesper Morch"]
[Black "Szyszylo, Rafal"]
[WhiteFideId "1401890"]
[BlackFideId "1109626"]
[WhiteElo "2268"]
[BlackElo "1981"]
[Result "1-0"]
[Round "08"]
[TimeControl "180+1"]
[Date "2022.11.30"]
[WhiteClock "0:00:13"]
[BlackClock "0:00:01"]

1. e4 d6 2. d4 Nf6 3. Nc3 g6 4. Be3 c6 5. h3 Nbd7 6. Qd2 b5 7. Bd3 Nb6 8. a3 Nc4 9. Bxc4 bxc4 10. Nge2 Rb8 11. Rb1 Bg7 12. Bh6 O-O 13. Bxg7 Kxg7 14. O-O Qa5 15. f4 Qh5 16. f5 Qh6 17. Nf4 Nh5 18. Nxh5+ Qxh5 19. Ne2 Qh6 20. f6+ exf6 21. Qxh6+ Kxh6 22. Rxf6 Be6 23. d5 cxd5 24. exd5 Bxd5 25. Rxd6 Be4 26. Nd4 Rfd8 27. Rxd8 Rxd8 28. Rd1 Rb8 29. b3 cxb3 30. cxb3 Kg5 31. b4 f5 32. Kf2 a5 33. b5 Kf4 34. a4 Rc8 35. Ne2+ Ke5 36. Rc1 Rxc1 37. Nxc1 Bc2 38. b6 Kd6 39. Ne2 Bxa4 40. Nd4 1-0


[Site "https://www.chess.com"]

[Event "Titled Tuesday Blitz November 29 Early 2022"]
[White "Leenhouts, Koen"]
[Black "Ivic, Velimir"]
[WhiteFideId "1008439"]
[BlackFideId "950122"]
[WhiteElo "2409"]
[BlackElo "2625"]
[Result "0-1"]
[Round "08"]
[TimeControl "180+1"]
[Date "2022.11.30"]
[WhiteClock "0:00:01"]
[BlackClock "0:00:33"]

1. d4 Nf6 2. c4 g6 3. Nc3 Bg7 4. e4 d6 5. f3 O-O 6. Bg5 c5 7. d5 e6 8. Qd2 exd5 9. cxd5 h6 10. Be3 Re8 11. Nge2 Nbd7 12. Bxh6 Nxe4 13. Nxe4 Qh4+ 14. g3 Qxh6 15. Qxh6 Bxh6 16. Nxd6 Re5 17. f4 Rxd5 18. Nxc8 Rxc8 19. Bg2 Rd6 20. Rd1 Rxd1+ 21. Kxd1 Bg7 22. Kc2 b5 23. Nc3 Nb6 24. Nxb5 Nc4 25. Re1 Rb8 26. Bd5 Rxb5 27. Bxc4 Rxb2+ 28. Kd3 Kf8 29. Re2 Rb1 30. Bb3 Bd4 31. Kc4 a6 32. Kd5 Bg1 33. Bc4 a5 34. Kc6 a4 35. f5 gxf5 36. Re5 Rc1 37. Kb5 Bd4 38. Rxf5 f6 39. g4 Rb1+ 40. Kc6 Rb4 41. Kd5 Kg7 42. g5 Kg6 43. Bd3 fxg5 44. Rf8+ Kg7 45. Ra8 Rb2 46. Ra7+ Kf6 47. Ra6+ Ke7 48. Ra7+ Kd8 49. Kd6 Kc8 50. Rf7 Rb6+ 51. Kd5 Rh6 0-1


[Site "https://www.chess.com"]

[Event "Titled Tuesday Blitz November 29 Early 2022"]
[White "Leve, Nitai"]
[Black "Aarav Dengla"]
[WhiteFideId "2006898"]
[BlackFideId "45059756"]
[WhiteElo "2144"]
[BlackElo "2261"]
[Result "1-0"]
[Round "08"]
[TimeControl "180+1"]
[Date "2022.11.30"]
[WhiteClock "0:00:02"]
[BlackClock "0:00:02"]

1. e4 c5 2. Nf3 d6 3. d4 cxd4 4. Qxd4 Nc6 5. Bb5 Bd7 6. Bxc6 Bxc6 7. Nc3 e5 8. Qd3 h6 9. Be3 Nf6 10. O-O-O Be7 11. Rhg1 Qa5 12. g4 Rc8 13. g5 hxg5 14. Nxg5 Bd7 15. f4 Rxc3 16. Qxc3 Qxc3 17. bxc3 Bc6 18. fxe5 dxe5 19. Nf3 Nxe4 20. Nxe5 Ba3+ 21. Kb1 Nxc3+ 22. Ka1 Nxd1 23. Rxd1 Rxh2 24. Nxc6 bxc6 25. Bxa7 Rxc2 26. Bd4 g6 27. Bf6 Be7 28. Re1 Rc1+ 29. Rxc1 Bxf6+ 30. Kb1 Kd7 31. a4 Bd4 32. Kc2 f5 33. Kb3 g5 34. Kc4 Be3 35. Rd1+ Kc7 36. a5 g4 37. Kd3 f4 38. Ke4 c5 39. Rb1 c4 40. a6 c3 41. a7 Bxa7 42. Kxf4 Kc6 43. Rc1 Bd4 44. Kxg4 Kd5 45. Kf3 Kc4 46. Ke2 Kb3 47. Kd3 Kb2 48. Rc2+ Kb3 49. Rc1 Kb2 50. Rc2+ Kb3 51. Rg2 Be5 52. Rg6 Kb2 53. Rb6+ Kc1 54. Rb5 Bf6 55. Rb6 Bg7 56. Rg6 Bh8 57. Rg2 Kb1 58. Rg1+ Kb2 59. Rg2+ Kb1 60. Rc2 Be5 61. Re2 1-0


[Site "https://www.chess.com"]

[Event "Titled Tuesday Blitz November 29 Early 2022"]
[White "Liu, Xiangyi"]
[Black "Blokhin, Sofia"]
[WhiteFideId "8605718"]
[BlackFideId "4508190"]
[WhiteElo "2323"]
[BlackElo "2005"]
[Result "1-0"]
[Round "08"]
[TimeControl "180+1"]
[Date "2022.11.30"]
[WhiteClock "0:01:11"]
[BlackClock "0:00:03"]

1. e4 c5 2. Nf3 e6 3. g3 Nc6 4. Bg2 a6 5. O-O g6 6. c3 Bg7 7. d4 cxd4 8. cxd4 d5 9. e5 Nge7 10. Nc3 O-O 11. Bf4 Nf5 12. Qd2 Bd7 13. h4 h5 14. Bh3 Na5 15. b3 Nc6 16. Bxf5 gxf5 17. Bg5 f6 18. exf6 Bxf6 19. Ne2 Be8 20. Nf4 Bf7 21. Rfe1 Re8 22. Re3 Rc8 23. Rae1 Bxg5 24. hxg5 Kg7 25. Nxe6+ Bxe6 26. Rxe6 Rxe6 27. Rxe6 Qd7 28. Qe3 Kf7 29. Rf6+ Kg7 30. Nh4 Nb4 31. Nxf5+ Kh7 32. g6+ Kg8 33. Ne7+ Kh8 34. Qh6# 1-0


[Site "https://www.chess.com"]

[Event "Titled Tuesday Blitz November 29 Early 2022"]
[White "Makhmudov, Shukhrat"]
[Black "Gheorghiu, Calin"]
[WhiteFideId "14200775"]
[BlackFideId "1200305"]
[WhiteElo "2135"]
[BlackElo "2225"]
[Result "1-0"]
[Round "08"]
[TimeControl "180+1"]
[Date "2022.11.30"]
[WhiteClock "0:00:12"]
[BlackClock "0:00:16"]

1. e4 e5 2. Nf3 Nc6 3. Bc4 Nf6 4. Ng5 d5 5. exd5 Na5 6. d3 h6 7. Nf3 e4 8. Qe2 Nxc4 9. dxc4 Bd6 10. c3 O-O 11. Nd4 Bg4 12. Qe3 Re8 13. O-O c6 14. dxc6 bxc6 15. h3 Bd7 16. Nb3 Qe7 17. c5 Bc7 18. c4 Qe5 19. Qg3 Qxg3 20. fxg3 Bxg3 21. Be3 Be5 22. Nc3 Be6 23. Na5 Rec8 24. Rac1 Bd7 25. Rfd1 Rab8 26. b3 Bc7 27. Rxd7 Nxd7 28. Nxc6 Ra8 29. Ne7+ Kf8 30. Nxc8 Rxc8 31. b4 f5 32. b5 Be5 33. c6 Nb6 34. Nd5 Nxd5 35. cxd5 f4 36. Bc5+ Ke8 37. d6 Kf7 38. d7 Ra8 39. Bxa7 e3 40. b6 e2 41. Re1 Bd4+ 42. Kh2 f3 43. gxf3 1-0


[Site "https://www.chess.com"]

[Event "Titled Tuesday Blitz November 29 Early 2022"]
[White "Maksimenko, Viktor"]
[Black "Durarbayli, Vasif"]
[WhiteFideId "13710478"]
[BlackFideId "13402935"]
[WhiteElo "2277"]
[BlackElo "2586"]
[Result "0-1"]
[Round "08"]
[TimeControl "180+1"]
[Date "2022.11.30"]
[WhiteClock "0:00:07"]
[BlackClock "0:00:05"]

1. d4 d5 2. c4 c6 3. Nf3 Nf6 4. e3 Bf5 5. Nh4 Be4 6. Nc3 e6 7. Nxe4 dxe4 8. g3 Bb4+ 9. Bd2 Bxd2+ 10. Qxd2 O-O 11. Ng2 Nbd7 12. Be2 e5 13. O-O Qe7 14. Rad1 Rfd8 15. Qc3 Rac8 16. Rd2 c5 17. Rfd1 cxd4 18. exd4 Re8 19. Ne3 g6 20. d5 b6 21. b3 h5 22. h4 Qd6 23. b4 Red8 24. Qb3 Ne8 25. a3 Kg7 26. Qb1 f5 27. c5 bxc5 28. Nc4 Qf6 29. d6 cxb4 30. axb4 Qe6 31. Qa2 Nef6 32. Ne3 Qxa2 33. Rxa2 Rb8 34. b5 f4 35. Nc4 Rxb5 36. Rxa7 Kh6 37. Rc7 Rb3 38. Na5 Rb2 39. Nc6 Ra8 40. Bc4 e3 41. gxf4 exf2+ 42. Kf1 exf4 43. Be6 Ne4 44. Kg2 Ra3 45. Rxd7 Rg3+ 46. Kh1 Rd3 47. Rf1 Ng3+ 48. Kg2 Nxf1 49. Ne5 Rg3+ 50. Kxf1 Rg1# 0-1


[Site "https://www.chess.com"]